Map: Cosmic Sapphire

Players

FiveVolTs

  • Race: Zerg Zerg
  • League: Diamond
  • Spawn Location: 11:00

DankCraft - Winner!

  • Race: Zerg Zerg
  • League: Diamond
  • Spawn Location: 5:00

VOD

Have the link to the VOD?

Description

Time

  • Played on: Nov. 30, 2022, 5:10 p.m.
  • Length: 11:31
Show
View Real Time Build Order
Export as new Build Order

FiveVolTs Zerg 

Build Orders: Pool First 

Get SALT Encoding   

  12  0:00  Drone  
  13  0:13  Overlord  
  13  0:17  Drone  
  14  0:32  Drone x2  
  16  0:38  Drone  
  17  0:47  Spawning Pool  
  16  0:55  Drone  
  17  0:58  Drone  
  18  1:11  Overlord  
  18  1:34  Zergling x4  
  20  1:57  Queen  
  22  2:07  Zergling x6  
  25  2:40  Queen  
  27  2:52  Zergling x6  
  27  2:55  Extractor  
  29  3:18  Zergling x4  
  28  4:02  Hatchery  
  27  4:10  Queen  
  28  4:33  Zergling x4  
  29  4:41  Zergling x10  
  25  5:08  Queen  
  27  5:17  Drone x3  
  30  5:24  Overlord  
  30  5:43  Hatchery  
  29  5:50  Drone x3  
  32  5:59  Metabolic Boost  
  32  6:05  Drone x2  
  32  6:07  Drone  
  35  6:19  Drone x3  
  38  6:29  Baneling Nest  
  37  6:33  Extractor  
  36  6:41  Zergling x4  
  36  6:45  Overlord  
  38  7:02  Lair  
  38  7:03  Hatchery  
  38  7:15  Zergling x4  
  38  7:16  Zergling x4  
  41  7:33  Roach Warren  
  40  7:38  Overlord x2  
  39  8:01  Zergling x10  
  43  8:10  Overlord x2  
  38  8:29  Roach x3  
  38  8:30  Roach x4  
  48  8:42  Roach x2  
  47  9:04  Hatchery  
  46  9:13  Zergling x8  
  50  9:33  Roach x2  
  51  9:39  Zergling x4  
  51  9:40  Overlord  
  52  9:58  Drone x3  
  40  10:25  Drone x2  
  40  10:26  Drone  
  43  10:30  Drone  
  44  10:40  Drone x2  
  44  10:41  Drone  
  47  10:51  Drone  
  47  10:55  Drone x2  
  47  10:56  Drone  
  51  11:08  Drone x3  
Show
View Real Time Build Order
Export as new Build Order

DankCraft Zerg - Winner!

Build Orders: Pool First 

Get SALT Encoding   

  12  0:00  Drone  
  13  0:08  Drone  
  14  0:28  Spawning Pool  
  14  0:32  Extractor  
  12  0:39  Drone x2  
  15  0:46  Overlord  
  15  1:22  Extractor  
  14  1:28  Spine Crawler x2, Zergling x6  
  15  1:39  Evolution Chamber  
  17  1:48  Evolution Chamber  
  17  1:51  Zergling x4  
  18  2:00  Evolution Chamber  
  18  2:01  Zergling x2  
  18  2:07  Queen  
  20  2:11  Overlord  
  20  2:23  Zergling x2  
  21  2:32  Zergling x2  
  21  2:53  Zergling x2  
  21  2:57  Hatchery  
  21  3:00  Extractor  
  20  3:15  Zergling x2  
  20  3:16  Zergling x4  
  20  3:28  Zergling x4  
  20  3:29  Zergling x2  
  22  3:39  Drone  
  23  3:51  Drone  
  24  4:05  Drone  
  24  4:08  Drone x2  
  24  4:09  Drone  
  28  4:13  Drone  
  29  4:18  Drone  
  30  4:32  Drone x3  
  33  4:41  Drone x4  
  32  4:50  Drone x2  
  29  5:01  Spine Crawler  
  29  5:04  Spine Crawler  
  27  5:12  Overlord  
  28  5:14  Drone x4  
  28  5:15  Drone x2  
  33  5:23  Roach Warren  
  33  5:25  Extractor  
  31  5:28  Spine Crawler  
  31  5:31  Spine Crawler  
  31  5:35  Drone x3  
  32  5:39  Extractor  
  31  5:52  Drone x3  
  31  5:53  Drone x2  
  36  5:59  Burrow  
  36  6:06  Roach x4  
  44  6:14  Overlord x2  
  44  6:37  Hatchery  
  44  6:39  Roach x3  
  51  6:40  Roach  
  51  6:44  Ravager x3  
  54  6:50  Ravager  
  54  6:52  Drone x3  
  58  6:58  Extractor  
  57  7:01  Lair  
  57  7:05  Roach  
  59  7:27  Zergling x2  
  59  7:28  Metabolic Boost  
  60  7:35  Baneling Nest  
  60  7:36  Drone  
  58  8:09  Overlord x2  
  58  8:10  Overlord  
  58  8:12  Spine Crawler  
  57  8:14  Spine Crawler, Overlord x2  
  53  8:30  Zergling x2  
  53  8:31  Zergling x10  
  58  8:45  Spine Crawler  
  58  8:46  Spine Crawler  
  40  8:56  Zergling x2  
  40  8:57  Baneling  
  40  8:58  Baneling x3, Spire  
  40  8:59  Zergling x2  
  40  9:00  Zergling x4  
  39  9:06  Baneling x6  
  39  9:16  Drone  
  39  9:27  Zergling x10  
  39  9:28  Zergling x6  
  43  9:44  Baneling  
  33  10:09  Mutalisk x6  
  44  10:24  Mutalisk x2  
  48  10:34  Mutalisk x2  
  52  10:43  Mutalisk  
  54  11:00  Drone x3  
  57  11:04  Drone x2  
Tags
 
Add a new tag
Caveats
  • Supply blocks, unpowered buildings, or Contaminate may cause inaccurate times.
  • Supply counts are checked every 10 seconds.